 Dungeon Crawl Stone Soup version 0.22-a0-322-g60b3cfd (webtiles) character file.

199882 Amnesiac the Stormcaller (level 18, -6/130 HPs)
             Began as a Tengu Air Elementalist on Apr 3, 2018.
             Was the Champion of Ashenzari.
             Killed by the raging water
             ... invoked by a water nymph
              (32 damage)
             ... on level 4 of the Shoals.
             The game lasted 02:01:34 (48954 turns).

Amnesiac the Stormcaller (Tengu Air Elementalist)  Turns: 48954, Time: 02:01:35

Health: -6/130     AC: 10    Str: 11    XL:     18   Next: 94%
Magic:  25/72      EV: 30    Int: 25    God:    Ashenzari [******]
Gold:   1268       SH: 11    Dex: 15    Spells: 9/49 levels left

rFire    + . .     SeeInvis +   h - staff of power (curse)
rCold    . . .     Gourm    .   F - +3 warlock's mirror {reflect} (curse)
rNeg     . . .     Faith    .   m - +2 robe {Archmagi} (curse)
rPois    .         Spirit   .   E - +0 hat {SInv}
rElec    .         Reflect  +   g - +1 cloak (curse)
rCorr    .         Harm     .   I - +3 pair of gauntlets of War {Slay+5} (curse)
MR       +....     Clarity  +   (boots unavailable)
Stlth    ++++......             Y - amulet of Ninuklul {Acrobat rF+ Int+2} (curse)
HPRegen  0.31/turn              A - ring of magical power
MPRegen  0.43/turn              r - ring of magical power (curse)

@: flying quickly and evasively, studying Slings, quick
A: beak, talons 3, clarity, robust 1, strong 1, able to fly 2
a: Stop Flying, Curse Item, Scrying, Transfer Knowledge, Renounce Religion


You were on level 4 of the Shoals.
You worshipped Ashenzari.
Ashenzari was exalted by your worship.
You were not hungry.

You visited 6 branches of the dungeon, and saw 28 of its levels.
You visited 1 bazaar.
You also visited: Labyrinth, Sewer and Ossuary.

You collected 3689 gold pieces.
You spent 2421 gold pieces at shops.

Inventory:

Armour
 g - a cursed +1 cloak (worn)
 m - a cursed +2 robe of the Archmagi (worn)
 v - the +2 shield of Pan-Flutes {rElec Str-5 Dex+4}
   (You took it off a deep elf demonologist on level 3 of the Elven Halls)

   It affects your strength (-5).
   It affects your dexterity (+4).
   It insulates you from electricity.
 E - a +0 hat of see invisible (worn)
 F - the cursed +3 warlock's mirror (worn) {reflect}
   (You found it on level 7 of the Dungeon)

   It has a curse placed upon it.
 I - the cursed +3 pair of gauntlets of War (worn) {Slay+5}
   (You bought it in a shop on level 2 of the Orcish Mines)

   It affects your accuracy and damage with ranged weapons and melee attacks
   (+5).
   It has a curse placed upon it.
Magical Staves
 h - a cursed staff of power (weapon)
 J - an uncursed staff of wizardry
Jewellery
 e - an uncursed ring of poison resistance
 q - an uncursed ring of protection from cold
 r - a cursed ring of magical power (right hand)
 s - an uncursed ring of fire
 A - a ring of magical power (left hand)
 C - a +3 ring of intelligence
 O - a +3 ring of protection
 Y - the cursed amulet of Ninuklul (around neck) {Acrobat rF+ Int+2}
   (You took it off a deep elf blademaster on level 3 of the Elven Halls)

   [amulet of the acrobat]

   It helps you evade while moving and waiting.
   It affects your intelligence (+2).
   It protects you from fire.
   It has a curse placed upon it.
Wands
 f - a wand of enslavement (14)
 i - a wand of paralysis (15)
 K - a wand of scattershot (4)
 N - a wand of iceblast (17)
 P - a wand of clouds (11)
 Q - a wand of acid (15)
 R - a wand of digging (15)
 S - a wand of disintegration (18)
Scrolls
 a - a scroll of holy word {!r}
 d - 3 scrolls of blinking {!r}
 k - 4 scrolls of remove curse {!r}
 o - 2 scrolls of enchant armour {!r}
 u - 2 scrolls of magic mapping {!r}
 w - 6 scrolls of identify {!r}
 x - 4 scrolls of amnesia {!r}
 y - 11 scrolls of teleportation {!r}
 z - 2 scrolls of fog {!r}
 D - 2 scrolls of summoning {!r}
Potions
 b - a potion of resistance {!q}
 j - 3 potions of brilliance {!q}
 l - 10 potions of curing {!q}
 n - a potion of invisibility {!q}
 t - 5 potions of haste {!q}
 L - 4 potions of mutation {!q}
 M - a potion of magic {!q}
 T - 2 potions of cancellation {!q}
 U - 2 potions of might {!q}
 V - 2 potions of heal wounds {!q}
 W - 2 potions of agility {!q}
Books
 B - a manual of Slings
Comestibles
 c - 35 rations


   Skills:
 - Level 15.0 Fighting
 - Level 15.0(17.5) Dodging
 - Level 6.0(9.1) Stealth
 - Level 13.0(15.6) Shields
 - Level 16.3(20.2) Spellcasting
 - Level 1.3(3.2) Conjurations
 + Level 19.0(21.2) Air Magic
 - Level 6.0(9.1) Evocations


You had 9 spell levels left.
You knew the following spells:

 Your Spells              Type           Power        Failure   Level  Hunger
a - Airstrike             Air            ########..   0%          4    None
b - Sublimation of Blood  Necr           #####.....   2%          2    None
c - Apportation           Tloc           #####.       1%          1    None
d - Lightning Bolt        Conj/Air       #######...   1%          5    None
e - Mephitic Cloud        Conj/Pois/Air  #######.     1%          3    None
f - Summon Butterflies    Summ           #####...     1%          1    None
g - Deflect Missiles      Chrm/Air       #######...   3%          6    ##.....
h - Tornado               Air            ########..   22%         9    #######
r - Regeneration          Chrm/Necr      #####.....   4%          3    None
s - Summon Lightning Spi  Summ/Air       #######.     1%          4    None
z - Swiftness             Chrm/Air       #######.     1%          2    None


Dungeon Overview and Level Annotations

Branches:
Dungeon (12/15)            Temple (1/1) D:4            Lair (6/6) D:11
 Shoals (4/4) Lair:4        Snake (0/4) Lair:4        Slime (0/5) Lair:5
    Orc (2/2) D:9             Elf (3/3) Orc:2

Altars:
Ashenzari
Cheibriados
Dithmenos
Elyvilon
Fedhas
Gozag
Hepliaklqana
Kikubaaqudgha
Makhleb
Nemelex Xobeh
Okawaru
Qazlal
Ru
Sif Muna
Trog
Uskayaw
Vehumet
Wu Jian
Xom
Yredelemnul
Zin
The Shining One

Shops:
D:4 ?!   Orc:1 %   Orc:2 :*[   Elf:2 :   Shoals:1 *

Portals:
Trove: Elf:1 (show abyssal rune of Zot)

Annotations:
Shoals:4 Ilsuiw


Innate Abilities, Weirdness & Mutations

You have a beak for a mouth.
You have claws for feet.
You can fly continuously.
You possess an exceptional clarity of mind.
You are robust. (+10% HP)
Your muscles are strong. (Str +2)


Message History

The merfolk impaler completely misses you.
The tentacle misses you.
The merfolk impaler completely misses you.
The water nymph points at you and mumbles some strange words.
The water rises up and strikes you!
The merfolk impaler completely misses you.
The merfolk impaler completely misses you.
The merfolk impaler closely misses you.
Casting: Lightning Bolt (safe; 1% risk of failure)
Confirm with . or Enter, or press ? or * to list all spells.
Aiming: Lightning Bolt (safe; 1% risk of failure)
Press: ? - help, Shift-Dir - straight line, p - kraken You feel a surge of power!
You hear a mighty clap of thunder!
The bolt of lightning hits the kraken.
You kill the kraken!
Your base Air Magic skill increases to level 19!
The bolt of lightning hits the merfolk impaler.
The merfolk impaler is heavily wounded.
The merfolk impaler hits you from afar with a trident of protection!
* * * LOW HITPOINT WARNING * * *
Unknown command.
Casting: Lightning Bolt (safe; 1% risk of failure)
Confirm with . or Enter, or press ? or * to list all spells.
Aiming: Lightning Bolt (safe; 1% risk of failure)
Press: ? - help, Shift-Dir - straight line You feel a surge of power!
You hear a mighty clap of thunder!
The bolt of lightning hits the merfolk impaler.
The merfolk impaler is severely wounded.
You hear a shout!
The merfolk impaler completely misses you. x2
Unknown command.
Unknown command.
A water nymph comes into view.
Casting: Lightning Bolt (safe; 1% risk of failure)
Confirm with . or Enter, or press ? or * to list all spells.
Aiming: Lightning Bolt (safe; 1% risk of failure)
Press: ? - help, Shift-Dir - straight line, f - water nymph
Aim: a water nymph (water)
You feel a surge of power!
You hear a mighty clap of thunder!
The bolt of lightning misses the water nymph.
The bolt of lightning hits the merfolk impaler.
The merfolk impaler is almost dead.
The merfolk impaler misses you.
The water nymph gestures at you while chanting.
The water rises up and strikes you!
* * * LOW HITPOINT WARNING * * *
The merfolk impaler completely misses you.
Unknown command.
Casting: Lightning Bolt (safe; 1% risk of failure)
Confirm with . or Enter, or press ? or * to list all spells.
Aiming: Lightning Bolt (safe; 1% risk of failure)
Press: ? - help, Shift-Dir - straight line, f/p - water nymph
Aim: a water nymph (water)
You feel a surge of power!
You hear a mighty clap of thunder!
The bolt of lightning hits the water nymph.
The water nymph is lightly wounded.
The bolt of lightning misses the merfolk impaler.
The water nymph casts a spell at you. The water rises up and strikes you!
You die...

#≈≈≈≈≈≈≈#≈
≈≈≈*≈
#≈≈≈≈≈≈≈#≈≈≈ ≈
≈≈ #≈≈≈≈≈≈≈#≈≈
≈ *≈≈≈
#≈≈≈≈≈≈≈## ≈ *≈
≈≈
#≈≈≈≈≈≈≈≈#***
≈≈ ≈≈
#≈≈≈≈≈≈≈≈≈≈
#≈≈≈≈≈≈≈≈≈≈≈≈≈,
, #≈≈≈≈≈≈†≈≈ ,
#≈@≈≈≈≈≈m.≈ **
* #≈m≈≈≈≈≈≈. **
#≈m≈≈≈≈≈≈.≈≈*,
, ,*
#≈≈≈§≈≈≈≈≈≈ , *
#§§§≈≈≈≈≈≈≈ ,
,* #§§§§≈≈≈≈≈ *
, * #§§§§≈≈≈≈≈≈
≈* * *
#§§§≈≈≈≈≈≈≈≈
≈≈≈ ≈≈
#≈≈≈≈≈≈≈≈ ≈ ≈ ≈


You could see a merfolk impaler and 2 water nymphs.

Vanquished Creatures
  A deep elf master archer (Elf:3)
  2 deep elf blademasters
  3 krakens
  Gastronok (Lair:1)
  Frances (Shoals:1)
  Roxanne (Elf:1)
  5 deep elf sorcerers
  An orc warlord (Orc:2)
  2 deep elf elementalists (Elf:3)
  5 deep elf demonologists
  A deep elf annihilator (Elf:3)
  Snorg (D:11)
  4 deep elf death magi (Elf:3)
  11 merfolk impalers
  Josephine (Orc:1)
  4 merfolk javelineers
  8 merfolk avatars
  10 hydras
  3 two-headed ogres
  3 alligator snapping turtles
  3 satyrs
  2 merfolk aquamancers
  23 dancing weapons
  The ghost of budo the Grappler, a novice TrMo of Hepliaklqana (D:8)
  4 orc high priests (Orc:2)
  4 death yaks
  Urug (D:10)
  19 deep elf knights
  Sonja (D:12)
  Nergalle (Orc:1)
  12 sea snakes
  5 deep elf archers
  3 necromancers (Elf:1)
  An ugly thing (D:11)
  5 orc knights
  14 harpies
  40 deep elf magi
  5 orc sorcerers (Orc:2)
  13 fauns
  2 cyclopes
  21 manticores
  13 merfolk sirens
  Maurice (D:10)
  3 water nymphs
  A gargoyle (D:11)
  A torpor snail (Lair:4)
  4 black mambas
  6 spiny frogs
  2 kobold demonologists (D:12)
  A rime drake (Lair:2)
  A minotaur zombie (Lab)
  A small abomination (Elf:3)
  A guardian mummy (Elf:1)
  3 trolls
  13 polar bears
  37 merfolk
  6 wind drakes
  25 dream sheep
  9 hippogriffs
  2 hornets
  18 blink frogs
  7 snapping turtles
  4 raiju (Lair:6)
  6 air elementals
  5 water elementals
  A wyvern (Lair:4)
  A spriggan (D:7)
  4 wraiths
  15 yaks
  2 vampires
  A fire elemental (Elf:2)
  2 basilisks
  2 hungry ghosts (D:10)
  A large abomination (Elf:1)
  7 nagas (Lair:4)
  11 hell hounds (Lair:6)
  8 wargs
  10 water moccasins
  6 porcupines
  34 orc warriors
  13 black bears
  2 ice beasts
  A necrophage (D:12)
  2 phantoms
  3 sky beasts
  17 wolves
  8 centaurs
  10 ogres
  4 elf zombies
  12 crocodiles
  5 big kobolds
  17 bullfrogs
  A gnoll sergeant (D:12)
  4 earth elementals
  A wyvern skeleton (D:10)
  2 scorpions
  6 killer bees (D:9)
  8 wights
  A howler monkey (D:8)
  7 electric eels
  9 crimson imps
  7 centaur zombies
  3 human zombies (Ossuary)
  4 bullfrog zombies
  A quasit (D:12)
  9 hounds
  4 jellies
  Crazy Yiuf (D:3)
  3 centaur skeletons
  23 orc priests
  41 orc wizards
  Jessica (D:2)
  3 bullfrog skeletons
  Natasha (thrice) (D:2)
  7 hell rats (Lair:5)
  11 worker ants
  A killer bee zombie (D:10)
  3 mummies (Ossuary)
  A hound skeleton (D:9)
  A howler monkey zombie (D:5)
  2 worker ant zombies
  7 gnolls
  A howler monkey skeleton (D:11)
  23 adders
  5 shadow imps
  11 oozes
  An adder skeleton (D:5)
  2 worms
  A dart slug (D:2)
  21 leopard geckos
  90 orcs
  11 ball pythons
  12 giant cockroaches
  15 hobgoblins
  7 jackals
  29 kobolds
  9 quokkas
  7 bats
  15 frilled lizards
  15 goblins
  2 leopard gecko skeletons (D:4)
  21 rats
  2 rat zombies (D:5)
  2 plants
  6 tentacles
1100 creatures vanquished.

Vanquished Creatures (collateral kills)
  A deep elf blademaster (Elf:3)
  A deep elf sorcerer (Elf:3)
  2 deep elf elementalists (Elf:3)
  A deep elf demonologist (Elf:3)
  3 deep elf annihilators
  A minotaur (Lab)
  2 deep elf death magi (Elf:3)
  A deep elf high priest (Elf:3)
  A sea snake (Shoals:4)
  A deep elf archer (Elf:3)
  An elephant (shapeshifter) (Elf:1)
  2 deep elf magi (Elf:3)
  A merfolk (Shoals:4)
  A snapping turtle (Shoals:4)
  A large abomination (Elf:1)
  An elf zombie (Elf:1)
  2 crawling corpses (Elf:3)
23 creatures vanquished.

Vanquished Creatures (others)
  A deep elf master archer (Elf:3)
  A merfolk javelineer (Shoals:4)
  A satyr (Shoals:4)
  2 deep elf archers
  A large abomination (Elf:1)
  A cyclops (Shoals:1)
  2 blink frogs (Lair:6)
  An orc warrior (D:12)
  A centaur (D:11)
  A crocodile (Lair:6)
  A bullfrog zombie (D:12)
  An orc (D:12)
  3 fungi
  39 plants
  36 tentacles
92 creatures vanquished.

Grand Total: 1215 creatures vanquished

Notes
Turn   | Place    | Note
-------+----------+-------------------------------------------
     0 | D:1      | Amnesiac the Tengu Air Elementalist began the quest for the Orb.
     0 | D:1      | Reached XP level 1. HP: 10/10 MP: 4/4
    72 | D:1      | Reached XP level 2. HP: 12/15 MP: 0/6
    76 | D:1      | Learned a level 2 spell: Swiftness
   603 | D:1      | Reached skill level 5 in Air Magic
   709 | D:2      | Noticed Natasha
   716 | D:2      | Killed Natasha
   716 | D:2      | Reached XP level 3. HP: 19/19 MP: 1/7
   800 | D:2      | Reached XP level 4. HP: 10/24 MP: 2/9
   815 | D:2      | Learned a level 4 spell: Airstrike
  1058 | D:2      | Reached skill level 6 in Air Magic
  1419 | D:2      | Noticed Jessica
  1423 | D:2      | Killed Jessica
  1423 | D:2      | Gained mutation: You can fly. [Tengu growth]
  1423 | D:2      | Reached XP level 5. HP: 28/28 MP: 6/10
  1546 | D:2      | Noticed Natasha
  1625 | D:2      | Killed Natasha
  1625 | D:2      | Reached skill level 7 in Air Magic
  1637 | D:2      | Noticed Natasha
  1660 | D:2      | Killed Natasha
  1970 | D:2      | Reached XP level 6. HP: 32/32 MP: 7/12
  2505 | D:3      | Reached skill level 8 in Air Magic
  3450 | D:3      | Found a runed door.
  3538 | D:3      | Noticed Crazy Yiuf
  3545 | D:3      | Killed Crazy Yiuf
  3545 | D:3      | Reached skill level 1 in Fighting
  3545 | D:3      | Reached XP level 7. HP: 20/38 MP: 7/14
  3688 | D:4      | Found a glowing drain.
  3703 | Sewer    | Entered a sewer
  4750 | D:4      | Reached skill level 5 in Dodging
  4750 | D:4      | Reached XP level 8. HP: 34/45 MP: 3/16
  4885 | D:4      | Found a staircase to the Ecumenical Temple.
  4897 | Temple   | Entered the Ecumenical Temple
  5104 | Temple   | Learned a level 5 spell: Lightning Bolt
  5104 | Temple   | Became a worshipper of Ashenzari the Shackled
  5124 | D:4      | Found a basalt altar of Yredelemnul.
  5167 | D:4      | Found Acegov's Magic Scroll Boutique.
  5192 | D:4      | Bought a scroll of identify for 20 gold pieces
  5192 | D:4      | Bought a scroll of identify for 20 gold pieces
  5192 | D:4      | Bought a scroll of identify for 20 gold pieces
  5192 | D:4      | Bought 2 scrolls of identify for 40 gold pieces
  5192 | D:4      | Bought a scroll of amnesia for 35 gold pieces
  5192 | D:4      | Bought a scroll of teleportation for 30 gold pieces
  5295 | D:4      | Found a shattered altar of Ashenzari.
  5344 | D:4      | Found a shadowy altar of Dithmenos.
  5365 | D:4      | Found Keteun's Distillery.
  5368 | D:4      | Bought a potion of agility for 44 gold pieces
  5519 | D:4      | Reached skill level 5 in Spellcasting
  5616 | D:5      | Entered Level 5 of the Dungeon
  5676 | D:5      | Found a sand-covered staircase.
  6163 | Ossuary  | Entered an ossuary
  6425 | Ossuary  | Reached XP level 9. HP: 52/52 MP: 8/18
  7151 | D:6      | Found an opulent altar of Gozag.
  7452 | D:6      | Learned a level 1 spell: Apportation
  7454 | D:6      | Learned a level 1 spell: Summon Butterflies
  7605 | D:6      | Reached skill level 5 in Fighting
  7623 | D:6      | Found a burning altar of Makhleb.
  7628 | D:6      | Found a glowing silver altar of Zin.
  7628 | D:6      | Noticed an angel
  7629 | D:6      | Noticed an Executioner
  8158 | D:7      | Reached * piety under Ashenzari
  8439 | D:7      | Found the +3 warlock's mirror {reflect}
  8532 | D:7      | Found a sparkling altar of Nemelex Xobeh.
  8840 | D:7      | Reached XP level 10. HP: 52/60 MP: 13/21
  8919 | D:8      | Got the hunting sling "Fimeunis" {venom, rPois Dex+6}
  8957 | D:8      | Reached skill level 1 in Shields
  9728 | D:8      | Reached skill level 10 in Dodging
  9996 | D:8      | Noticed budo's ghost (novice TrMo)
 10153 | D:9      | Found a staircase to the Orcish Mines.
 10572 | D:9      | HP: 3/61 [killer bee (6)]
 11204 | D:8      | Killed budo's ghost
 11938 | D:9      | Noticed a two-headed ogre
 12074 | D:8      | Killed a two-headed ogre
 12074 | D:8      | Reached XP level 11. HP: 67/67 MP: 1/23
 12633 | D:10     | Entered Level 10 of the Dungeon
 12639 | D:10     | Noticed Maurice
 12645 | D:10     | Killed Maurice
 12648 | D:10     | Noticed a two-headed ogre
 12648 | D:10     | Reached ** piety under Ashenzari
 12685 | D:9      | Killed a two-headed ogre
 12685 | D:9      | Reached skill level 9 in Air Magic
 12774 | Orc:1    | Entered Level 1 of the Orcish Mines
 12774 | Orc:1    | Found Zauklomn's Food Boutique.
 12818 | Orc:1    | Noticed Josephine
 12840 | Orc:1    | Killed Josephine
 12840 | Orc:1    | Reached skill level 10 in Air Magic
 12858 | Orc:1    | HP: 1/67 [orc warrior/long sword (19)]
 13092 | Orc:1    | Reached skill level 11 in Air Magic
 13125 | Orc:2    | Entered Level 2 of the Orcish Mines
 13190 | Orc:1    | Noticed Nergalle
 13308 | Orc:1    | Killed Nergalle
 13563 | Orc:1    | Noticed an orc knight
 13646 | Orc:1    | Killed an orc knight
 14152 | Orc:2    | Noticed an orc knight
 14203 | Orc:2    | Noticed an orc sorcerer
 14205 | Orc:2    | Killed an orc sorcerer
 14254 | Orc:1    | Killed an orc knight
 14393 | Orc:2    | Reached skill level 10 in Spellcasting
 14602 | Orc:2    | Identified the +9 hunting sling "Fimeunis" {venom, rPois Dex+6} (You found it on level 8 of the Dungeon)
 15702 | Orc:2    | Noticed an orc sorcerer
 15707 | Orc:2    | Killed an orc sorcerer
 15727 | Orc:2    | Learned a level 4 spell: Summon Lightning Spire
 15845 | Orc:2    | Reached XP level 12. HP: 71/72 MP: 23/27
 15920 | Orc:2    | Found a staircase to the Elven Halls.
 16895 | Orc:2    | Noticed an orc high priest
 16906 | Orc:2    | Killed an orc high priest
 17018 | Orc:2    | Noticed an orc warlord
 17066 | Orc:2    | Killed an orc warlord
 17066 | Orc:2    | Reached skill level 12 in Air Magic
 17146 | Orc:2    | Paralysed by an orc sorcerer for 6 turns
 17284 | Orc:2    | Noticed an orc high priest
 17313 | Orc:2    | Killed an orc high priest
 17493 | Orc:2    | Found Lirhodick's General Store.
 17494 | Orc:2    | Found Ezapae's Book Boutique.
 17495 | Orc:2    | Found Oleytet's Antique Armour Boutique.
 17495 | Orc:2    | Found Atuph's Antique Weapon Shop.
 17549 | Orc:2    | Noticed an orc high priest
 17555 | Orc:2    | Killed an orc high priest
 17556 | Orc:2    | Noticed an orc high priest
 17558 | Orc:2    | Noticed a soul eater
 17565 | Orc:2    | Killed an orc high priest
 17917 | Orc:2    | Bought a pair of jewelled gloves for 351 gold pieces
 17927 | Orc:2    | Identified the +0 pair of gloves of Lucidity {+Fly Int+3} (You bought it in a shop on level 2 of the Orcish Mines)
 17987 | Elf:1    | Entered Level 1 of the Elven Halls
 17992 | Elf:1    | Noticed a deep elf knight
 18006 | Orc:2    | Killed a deep elf knight
 18006 | Orc:2    | Reached XP level 13. HP: 68/76 MP: 13/30
 18007 | Orc:2    | Reached skill level 13 in Air Magic
 18180 | Elf:1    | Found a radiant altar of Vehumet.
 18464 | Elf:1    | Noticed Roxanne
 19001 | Elf:1    | Reached skill level 14 in Air Magic
 19120 | Elf:1    | Noticed a deep elf death mage
 19140 | Elf:1    | Killed a deep elf death mage
 19334 | Elf:1    | Noticed a deep elf annihilator
 19373 | Elf:1    | Killed a deep elf annihilator
 19505 | Elf:1    | Identified the Grimoire of Darkness
 20000 | Elf:1    | Noticed a deep elf demonologist
 20003 | Elf:1    | Noticed a reaper
 20436 | Elf:1    | Killed a deep elf demonologist
 20459 | Elf:1    | Gained mutation: You can fly continuously. [Tengu growth]
 20459 | Elf:1    | Reached XP level 14. HP: 82/82 MP: 3/33
 20607 | Elf:1    | Found a portal to a secret trove of treasure.
 21255 | Elf:1    | Learned a level 3 spell: Regeneration
 21314 | Elf:1    | Killed Roxanne
 21314 | Elf:1    | Reached skill level 15 in Air Magic
 21855 | D:10     | Noticed Urug
 21864 | D:10     | Killed Urug
 21864 | D:10     | Reached skill level 15 in Spellcasting
 22837 | D:11     | Found a labyrinth entrance.
 22901 | Lab      | Identified a paperback manual
 22901 | Lab      | Entered a labyrinth
 23099 | Lab      | Reached *** piety under Ashenzari
 23355 | D:11     | Learned a level 3 spell: Mephitic Cloud
 23525 | D:11     | Found a staircase to the Lair.
 23719 | D:11     | Noticed Snorg
 23736 | D:11     | Killed Snorg
 24923 | D:12     | Reached **** piety under Ashenzari
 24992 | D:12     | Noticed Sonja
 24995 | D:12     | Killed Sonja
 25354 | Lair:1   | Entered Level 1 of the Lair of Beasts
 25365 | Lair:1   | Reached skill level 16 in Air Magic
 25907 | Lair:1   | Noticed Gastronok
 25985 | Lair:1   | Killed Gastronok
 26885 | Lair:2   | Reached XP level 15. HP: 86/86 MP: 36/36
 27809 | Lair:3   | Gained mutation: Your muscles are strong. (Str +2) [potion of mutation]
 27809 | Lair:3   | Gained mutation: You possess an exceptional clarity of mind. [potion of mutation]
 27809 | Lair:3   | Gained mutation: You are robust. (+10% HP) [potion of mutation]
 27887 | Lair:3   | Reached ***** piety under Ashenzari
 28702 | Lair:4   | Found a staircase to the Shoals.
 29298 | Lair:4   | Found a staircase to the Snake Pit.
 29653 | Lair:5   | Found a staircase to the Slime Pits.
 30544 | Lair:6   | Entered Level 6 of the Lair of Beasts
 32437 | Lair:6   | Reached skill level 10 in Fighting
 32647 | Lair:6   | Got the uncursed ring mail of the Villain {Str+2 Dex+3}
 33299 | Orc:2    | Bought the +3 pair of gauntlets of War {Slay+5} for 1757 gold pieces
 33299 | Orc:2    | Found the +3 pair of gauntlets of War {Slay+5}
 33771 | Elf:2    | Reached skill level 15 in Dodging
 33779 | Elf:2    | Reached XP level 16. HP: 105/105 MP: 20/37
 34117 | Elf:2    | Identified the +1 ring mail of the Villain {Str+2 Dex+3} (You found it on level 6 of the Lair of Beasts)
 34477 | Elf:2    | Found Vuazame's Book Shop.
 34762 | Elf:2    | Found a runed gate.
 34762 | Elf:2    | Found a runed gate.
 34765 | Elf:2    | Found a runed gate.
 34813 | Elf:2    | Noticed a deep elf blademaster
 34822 | Elf:2    | Killed a deep elf blademaster
 36192 | Elf:3    | Entered Level 3 of the Elven Halls
 36217 | Elf:3    | Identified the +3 leather armour "Ydouberph" {rPois rF+}
 36798 | Elf:3    | Noticed a deep elf blademaster
 36859 | Elf:3    | Killed a deep elf blademaster
 36859 | Elf:3    | Identified the amulet of Ninuklul {Acrobat rF+ Int+2} (You took it off a deep elf blademaster on level 3 of the Elven Halls)
 36859 | Elf:3    | Identified the +2 scale mail of Trumpets {rPois rC+ MR+ Int-4} (You took it off a deep elf blademaster on level 3 of the Elven Halls)
 36970 | Elf:3    | Noticed a Brimstone Fiend
 36972 | Elf:3    | Noticed an Ice Fiend
 36973 | Elf:3    | Identified the +2 shield of Pan-Flutes {rElec Str-5 Dex+4} (You took it off a deep elf demonologist on level 3 of the Elven Halls)
 37338 | Elf:3    | Reached XP level 17. HP: 108/121 MP: 16/38
 37343 | Elf:3    | Noticed a deep elf blademaster
 37374 | Elf:3    | Reached skill level 15 in Fighting
 37580 | Elf:3    | Killed a deep elf blademaster
 37589 | Elf:3    | Noticed a deep elf master archer
 37624 | Elf:3    | Found a radiant altar of Vehumet.
 37951 | Elf:3    | Reached skill level 5 in Shields
 38066 | Elf:3    | Noticed a deep elf master archer
 38288 | Elf:3    | Reached skill level 5 in Stealth
 38486 | Elf:3    | HP: 1/124 [deep elf master archer/arrow (28)]
 38758 | Elf:3    | Killed a deep elf master archer
 39116 | Elf:3    | Got the dire flail of Reinforcement {venom, rElec Int+3 Dex+6}
 39177 | Elf:3    | Learned a level 2 spell: Sublimation of Blood
 39256 | Elf:3    | Identified the Reference Book on Frigorific Poisoning
 39270 | Elf:3    | Learned a level 6 spell: Deflect Missiles
 39283 | Elf:3    | Identified Fotron's Disquisition on Protection and the Birds
 39294 | Elf:3    | Identified Vehumet's Reference Book on Confrontation
 39356 | Elf:3    | Killed a deep elf master archer
 39398 | Elf:3    | Identified the +5 dire flail of Reinforcement {venom, rElec Int+3 Dex+6} (You took it off a deep elf demonologist on level 3 of the Elven Halls)
 39419 | Elf:3    | Learned a level 9 spell: Tornado
 39718 | Shoals:1 | Entered Level 1 of the Shoals
 40001 | Shoals:1 | Found Ynatwog's Assorted Antiques.
 40019 | Shoals:1 | Noticed Frances
 40031 | Shoals:1 | Noticed a kraken
 40034 | Shoals:1 | Killed Frances
 40385 | Shoals:1 | Killed a kraken
 40385 | Shoals:1 | Reached skill level 10 in Shields
 42081 | Shoals:2 | Noticed a kraken
 42342 | Shoals:2 | Killed a kraken
 43055 | Shoals:2 | Reached XP level 18. HP: 130/130 MP: 0/39
 43727 | Shoals:2 | Reached ****** piety under Ashenzari
 44310 | Shoals:3 | Identified the cursed +2 hunting sling of Watchfulness {flame, rPois Int+2 Dex-2}
 44345 | Shoals:3 | Reached skill level 1 in Evocations
 45612 | Shoals:4 | Entered Level 4 of the Shoals
 45643 | Shoals:4 | Reached skill level 5 in Evocations
 45671 | Shoals:4 | Noticed Ilsuiw
 45675 | Shoals:4 | Found a flickering gateway to a bazaar.
 45752 | Bazaar   | Entered a bazaar
 45752 | Bazaar   | Found Seaniz's Antique Weapon Emporium.
 45752 | Bazaar   | Found Lebatovo's Gadget Emporium.
 45753 | Bazaar   | Found Gaud Itz's Weapon Shoppe.
 45753 | Bazaar   | Found Arghesyib's Magic Scroll Shoppe.
 45773 | Bazaar   | Bought a scroll of blinking for 52 gold pieces
 45773 | Bazaar   | Bought a scroll of blinking for 52 gold pieces
 46283 | Shoals:4 | Found Nehadyng's Book Boutique.
 46644 | Shoals:4 | Reached skill level 17 in Air Magic
 47070 | Shoals:4 | Found Osutotipt's General Store.
 47592 | Shoals:4 | Reached skill level 18 in Air Magic
 48712 | Shoals:4 | Identified the +6 rapier "Revoc" {freeze, rN+ SInv} (You took it off a merfolk on level 4 of the Shoals)
 48792 | Shoals:4 | Identified the +6 hand axe "Ogreslayer" {venom, MR+ Dex+6} (You took it off a merfolk on level 4 of the Shoals)
 48950 | Shoals:4 | Reached skill level 19 in Air Magic
 48954 | Shoals:4 | Killed from afar by a water nymph

Vault maps used:
D:1:      erik_arrival_orb_chamber
D:2:      uniq_natasha, uniq_jessica
D:3:      cheibrodos_greedy_goblins, uniq_crazy_yiuf_cottage
D:4:      minmay_wonky_spiral, old_standard_altar, lemuel_round_altar,
          minmay_temple_entry_trees, portal_sewer_entry_a, serial_shops,
          nicolae_shop_waterfront, shop, first_ration,
          cheibrodos_ashenzari_chains
D:5:      enter_ossuary_4
D:6:      grunt_temple_overflow_order_and_chaos_2,
          nicolae_overflow_crystal_walls
D:7:      nemelex_xobeh_ov_fountains_minmay, st_stairs_3, the_bakery
D:9:      orc_0_dummy
D:10:     uniq_maurice, uniq_urug
D:11:     lair_entry_dummy, lab_entry_generic, uniq_snorg
D:12:     lemuel_flame_loot_1, uniq_sonja
Temple:   eino_temple_scatter_basement
Lair:1:   st_stairs_9, grunt_megastairs_5, uniq_gastronok
Lair:2:   gammafunk_lair_bear_cave, infiniplex_staircase_pool_2
Lair:4:   shoals_dummy_entry, minmay_snake_entry_guardpost_large, serial_bayou,
          serial_bayou_pond_e, serial_bayou_ford_a, serial_bayou_shore_b,
          serial_bayou_pond_a, serial_bayou_lake_a
Lair:5:   dpeg_slime_entry_corner
Lair:6:   hangedman_lair_caniforms_friends, lemuel_old_faithful,
          serial_bayou_shore_a
Shoals:1: serial_shops, shop, nicolae_shoals_flooded_hall, uniq_frances
Shoals:2: nicolae_shoals_isolated_beach
Shoals:4: shoals_end_simple, shoal_ilsuiw, serial_shops, bzr_entry_lakeside,
          shop, shop, shop_fountains
Orc:1:    serial_shops, nicolae_shop_crystal, uniq_josephine, uniq_nergalle
Orc:2:    st_orc_congregation, nicolae_orc_flooded_monolith, mines4_lemuel
Elf:1:    eino_elf_arrival_altar, nicolae_trove_entry_path_of_doom,
          minmay_elf_necromancy, corexii_hall_statues_x, spider_trap,
          small_chamber_with_monster, uniq_roxanne
Elf:2:    serial_shops, nicolae_shop_competitors_out_of_business,
          serial_co_window_serial, co_window_corner_a, co_window_paths_a,
          co_window_paths_a, co_window_paths_b, co_window_paths_a,
          co_window_of_opportunity_c, co_window_2corner, co_window_paths_c,
          glass_columns_c
Elf:3:    elf_hall, basic_altar
Lab:      labyrinth_hidden_loot
Bazaar:   bazaar_jpeg_oval
Sewer:    sewer_frog_island_02
Ossuary:  ossuary_minmay_four_chambers

Skill      XL: |  1  2  3  4  5  6  7  8  9 10 11 12 13 14 15 16 17 18 |
---------------+-------------------------------------------------------+-----
Air Magic      | 5 6 7 8 11 12 14 16 19 | 19.0
Spellcasting   | 3 4 5 6 7 10 12 14 16 | 16.3
Fighting       | 1 2 4 5 7 10 14 15 | 15.0
Dodging        | 5 7 9 11 12 15 | 15.0
Shields        | 2 13 | 13.0
Stealth        | 6 |  6.0
Evocations     | 6 |  6.0
Conjurations   | |  1.3

Action                   |  1- 3 |  4- 6 |  7- 9 | 10-12 | 13-15 | 16-18 || total
-------------------------+-------+-------+-------+-------+-------+-------++-------
Melee: Unarmed           |     4 |       |       |       |       |       ||     4
       Peck              |     2 |     3 |    31 |    28 |       |     4 ||    68
       Dagger            |    19 |    31 |   291 |   170 |       |       ||   511
       Kick              |     4 |     8 |    55 |    41 |       |     4 ||   112
       Staff             |       |       |       |       |       |    18 ||    18
 Fire: Hunting sling     |       |       |       |   302 |   833 |    49 ||  1184
 Cast: Shock             |    32 |   166 |     6 |       |     1 |       ||   205
       Airstrike         |       |       |   151 |   295 |   575 |   920 ||  1941
       Swiftness         |       |       |       |     1 |     1 |     1 ||     3
       Summon Lightning  |       |       |       |       |    13 |    32 ||    45
       Lightning Bolt    |       |       |       |       |     3 |    67 ||    70
       Regeneration      |       |       |       |       |     4 |     5 ||     9
       Mephitic Cloud    |       |       |       |       |       |     8 ||     8
       Deflect Missiles  |       |       |       |       |       |     3 ||     3
Invok: Curse Item        |       |       |     1 |       |     2 |     4 ||     7
 Abil: Fly               |       |       |     2 |    13 |     3 |     2 ||    20
       Stop Flying       |       |       |       |       |     1 |     2 ||     3
Evoke: Wand              |       |       |       |    10 |       |    13 ||    23
  Use: Potion            |       |     1 |     4 |     9 |     5 |     3 ||    22
       Scroll            |       |       |    11 |     5 |     7 |     9 ||    32
 Stab: Sleeping          |       |       |     8 |     2 |       |       ||    10
       Distracted        |       |       |     1 |       |       |       ||     1
       Confused          |       |       |       |     2 |       |       ||     2
       Paralysed         |       |       |       |       |       |     4 ||     4
  Eat: Chunk             |       |     9 |    32 |    46 |    50 |    28 ||   165
       Ration            |       |       |     2 |     3 |     4 |     3 ||    12
Armor: Robe              |     7 |     5 |    63 |    11 |    51 |    26 ||   163
       Skin              |       |       |       |    16 |       |       ||    16
Dodge: Dodged            |    20 |    41 |   238 |   196 |   622 |   446 ||  1563
       Deflected         |       |       |       |       |       |    28 ||    28
Block: Buckler           |       |       |       |   121 |   314 |   275 ||   710
       Reflection        |       |       |       |    20 |    30 |    91 ||   141

Table legend:
 A = Spawn XP
 B = Non-spawn XP
 C = Spawn XP percentage of total XP
 D = Spawn monster count
 E = Non-spawn monster count
 F = Spawn count percentage of total count
 G = Total turns spent on level
                    A         B        C        D         E        F      G
               +---------+---------+-------+---------+---------+-------+---------
         Total |       0 |  312205 |   0.0 |       0 |    1121 |   0.0 | 48954
               +---------+---------+-------+---------+---------+-------+---------
           D:1 |       0 |      32 |   0.0 |       0 |      25 |   0.0 |   764
           D:2 |       0 |     333 |   0.0 |       0 |      43 |   0.0 |  1705
           D:3 |       0 |     268 |   0.0 |       0 |      43 |   0.0 |  1781
           D:4 |       0 |     513 |   0.0 |       0 |      32 |   0.0 |  1007
           D:5 |       0 |     482 |   0.0 |       0 |      18 |   0.0 |   885
           D:6 |       0 |     712 |   0.0 |       0 |      16 |   0.0 |   949
           D:7 |       0 |    1213 |   0.0 |       0 |      23 |   0.0 |   981
           D:8 |       0 |    3131 |   0.0 |       0 |      48 |   0.0 |  2334
           D:9 |       0 |    2931 |   0.0 |       0 |      39 |   0.0 |  1688
          D:10 |       0 |    4222 |   0.0 |       0 |      35 |   0.0 |  1228
          D:11 |       0 |    5092 |   0.0 |       0 |      37 |   0.0 |  1137
          D:12 |       0 |    6707 |   0.0 |       0 |      39 |   0.0 |  1073
        Lair:1 |       0 |    6794 |   0.0 |       0 |      20 |   0.0 |  1116
        Lair:2 |       0 |    4909 |   0.0 |       0 |      15 |   0.0 |   973
        Lair:3 |       0 |    2318 |   0.0 |       0 |      13 |   0.0 |   780
        Lair:4 |       0 |    8292 |   0.0 |       0 |      34 |   0.0 |  1473
        Lair:5 |       0 |    5582 |   0.0 |       0 |      23 |   0.0 |  1247
        Lair:6 |       0 |   20806 |   0.0 |       0 |      84 |   0.0 |  2296
      Shoals:1 |       0 |   17325 |   0.0 |       0 |      32 |   0.0 |  1925
      Shoals:2 |       0 |   30887 |   0.0 |       0 |      55 |   0.0 |  2619
      Shoals:3 |       0 |   15057 |   0.0 |       0 |      30 |   0.0 |  2632
      Shoals:4 |       0 |   40506 |   0.0 |       0 |      67 |   0.0 |  1897
         Orc:1 |       0 |    4891 |   0.0 |       0 |      25 |   0.0 |  1435
         Orc:2 |       0 |   17116 |   0.0 |       0 |     111 |   0.0 |  3291
         Elf:1 |       0 |   25739 |   0.0 |       0 |      46 |   0.0 |  3684
         Elf:2 |       0 |   40117 |   0.0 |       0 |      55 |   0.0 |  2663
         Elf:3 |       0 |   43959 |   0.0 |       0 |      43 |   0.0 |  3117
           Lab |       0 |    1131 |   0.0 |       0 |       2 |   0.0 |   448
         Sewer |       0 |     366 |   0.0 |       0 |      53 |   0.0 |   674
       Ossuary |       0 |     774 |   0.0 |       0 |      15 |   0.0 |   768
               +---------+---------+-------+---------+---------+-------+---------
